 Dungeon Crawl Stone Soup version 0.30-a0-953-g5f1da4a474 (webtiles) character file.

Game seed: 15069047648441819881

8358 mistaj the Fighter (level 11, -6/63 HPs)
             Began as a Vine Stalker Fighter on Mar 28, 2023.
             Was an Initiate of Gozag.
             Mangled by a manticore (9 damage)
             ... on level 9 of the Dungeon.
             The game lasted 00:15:22 (8137 turns).

mistaj the Fighter (Vine Stalker Fighter)           Turns: 8137, Time: 00:15:23

Health: -6/63      AC: 10    Str: 32    XL:     11   Next: 29%
Magic:  0/21       EV: 10    Int: 11    God:    Gozag
Gold:   1355       SH:  0    Dex: 14    Spells: 10/10 levels left

rFire   . . .      SeeInvis +    H - +3 battleaxe
rCold   + + .      Faith    .    (shield currently unavailable)
rNeg    . . .      Spirit   +    o - +1 ring mail "Mem Feo" {Regen+}
rPois   +          Reflect  .    j - +1 helmet
rElec   .          Rampage  .    (no cloak)
rCorr   .                        x - +0 pair of gloves
Will    +....                    s - +0 pair of boots
Stlth   +                        r - amulet of magic regeneration
HPRegen 1.90/turn                I - ring "Veonosa" {rPois MP+9 Str+6 Int+3}
MPRegen 0.57/turn                J - ring of the Kraken {rC++ Str+3 SInv}

@: very slow
A: fangs 3, regeneration 1, magic shield, antimagic bite, no potion heal 2
a: Renounce Religion, Potion Petition, Call Merchant, Bribe Branch


You were on level 9 of the Dungeon.
You worshipped Gozag.
Gozag was most pleased with you.
You visited 2 branches of the dungeon, and saw 10 of its levels.

You collected 1656 gold pieces.
You spent 236 gold pieces at shops.
You paid 65 gold pieces to Gozag.

Inventory:

Hand Weapons
 a - a +1 war axe
 D - a +3 whip of electrocution
 H - a +3 battleaxe (weapon)
Missiles
 i - 3 throwing nets (quivered)
Armour
 j - a +1 helmet (worn)
 o - the +1 ring mail "Mem Feo" (worn) {Regen+}
   (You found it on level 9 of the Dungeon)

   Regen:     It increases your rate of health regeneration.
 s - a +0 pair of boots (worn)
 x - a +0 pair of gloves (worn)
 L - a +2 chain mail of cold resistance
Jewellery
 f - a ring of protection from fire
 q - a ring of positive energy
 r - an amulet of magic regeneration (around neck)
 y - an amulet of reflection
 I - the ring "Veonosa" (left hand) {rPois MP+9 Str+6 Int+3}
   (You found it on level 8 of the Dungeon)

   [ring of strength]

   Str:       It affects your strength (+6).
   Int:       It affects your intelligence (+3).
   rPois:     It protects you from poison.
   MP:        It affects your magic capacity (+9).
 J - the ring of the Kraken (right hand) {rC++ Str+3 SInv}
   (You found it on level 8 of the Dungeon)

   [ring of see invisible]

   Str:       It affects your strength (+3).
   rC:        It greatly protects you from cold.
   SInv:      It lets you see invisible.
Wands
 b - a wand of polymorph (5)
 A - a wand of iceblast (14)
 B - a wand of paralysis (11)
 E - a wand of flame (22)
Scrolls
 c - a scroll of enchant armour
 g - 2 scrolls of magic mapping
 h - a scroll of blinking
 l - a scroll of fear
 m - 3 scrolls of teleportation
 v - 5 scrolls of fog
 K - a scroll of poison
Potions
 d - a potion of might
 e - 4 potions of curing
 k - a potion of ambrosia
 n - 3 potions of haste
 p - a potion of magic
 t - 2 potions of berserk rage
 u - a potion of brilliance
 w - a potion of mutation
 z - a potion of cancellation
 C - 2 potions of resistance {unknown}
 F - a potion of flight {unknown}


   Skills:
 + Level 10.1 Fighting
 + Level 9.9 Axes
 - Level 2.5 Armour
 - Level 8.4 Shields


You had 10 spell levels left.
You didn't know any spells.
Your spell library contained the following spells:

 Spells                   Type           Power      Damage    Failure   Level
 Foxfire                  Conj/Fire      0%         2x1d2     43%         1
 Slow                     Hex            0%         N/A       43%         1
 Confusing Touch          Hex            0%         N/A       82%         3
 Vampiric Draining        Necr           0%         2d6       82%         3
 Passage of Golubria      Tloc           0%         N/A       99%         4
 Silence                  Hex/Air        0%         N/A       100%        5
 Lehudib's Crystal Spear  Conj/Erth      0%         10d2      100%        8


Dungeon Overview and Level Annotations

Branches:
Dungeon (9/15)             Temple (1/1) D:4            Lair (0/5) D:9
    Orc: D:9-12

Altars:
Elyvilon
Gozag
Hepliaklqana
Kikubaaqudgha
Makhleb
Nemelex Xobeh
Qazlal
Sif Muna
Trog
Vehumet
Yredelemnul

Shops:
D:4 [

Annotations:
D:8 3 runed translucent doors, Juicyj's ghost, novice DrCj


Innate Abilities, Weirdness & Mutations

You have razor-sharp teeth.
Your natural rate of healing is unusually fast.
When hurt, damage is shared between your health and your magic reserves.
Your bite disrupts and absorbs the magic of your enemies.
Potions cannot restore your health.


Message History

Your unstable footing causes you to fumble your attack.
The manticore barely misses you. The manticore claws you.
* * * LOW HITPOINT WARNING * * *
The manticore closely misses you.
The manticore bites you but does no damage.
The manticore closely misses you. The manticore barely misses you.
You hit the manticore. You bite the manticore. You drain its power.
You feel invigorated.
The manticore is severely wounded.
The manticore bites you but does no damage.
The manticore claws you but does no damage. x2
You hit the manticore but do no damage.
You bite the manticore, but do no damage.
The manticore is severely wounded.
The manticore bites you but does no damage.
The manticore closely misses you.
The manticore claws you but does no damage.
Unknown command.
Your unstable footing causes you to fumble your attack.
The manticore closely misses you. The manticore misses you.
The manticore claws you but does no damage.
Your unstable footing causes you to fumble your attack.
The manticore barely misses you. The manticore claws you.
The manticore claws you but does no damage.
Your unstable footing causes you to fumble your attack.
The manticore bites you.
The manticore claws you but does no damage.
The manticore claws you. The manticore bites you!
* * * LOW HITPOINT WARNING * * *
The manticore claws you!
* * * LOW HITPOINT WARNING * * *
The manticore claws you but does no damage.
You closely miss the manticore. You bite the manticore! You drain its power.
You feel invigorated.
The manticore is almost dead.
The manticore bites you.
* * * LOW HITPOINT WARNING * * *
The manticore claws you!
You die...
Your body crumbles into a pile of gold.

#......############....
#......# #....
#......######## #....
#......#......# #....
######'#......
#.......... #.......###
#.~.....# #.$@....#
#..$H$.## #.≈~$$.#
#..~~~.# #......#
#......# #......#
#....... #......##


You could see a manticore.

Vanquished Creatures
  A flayed ghost (D:8)
  A komodo dragon (D:9)
  A troll (D:9)
  Sigmund (D:6)
  A shadow (D:8)
  4 wraiths (D:8)
  10 yaks
  2 fire bats (D:8)
  4 steam dragons
  Duvessa (D:6)
  The ghost of miket3c the Shooter, an amateur SpHu (D:4)
  2 water moccasins
  2 orc warriors
  3 sky beasts
  3 ogres
  A phantom (D:5)
  A centaur (D:6)
  A kobold brigand (D:9)
  6 bullfrogs
  A gnoll sergeant (D:6)
  8 scorpions
  A wyvern skeleton (D:4)
  Dowan (D:6)
  5 wights (D:8)
  7 killer bees
  A howler monkey (D:7)
  An electric eel (D:9)
  7 orc priests
  A bullfrog skeleton (D:4)
  A centaur skeleton (D:4)
  2 gnoll boudas
  2 hounds
  4 jellies
  5 iguanas
  10 orc wizards
  Robin (D:3)
  17 gnolls
  3 adders
  3 ufetubi
  2 worms (D:2)
  2 dart slugs
  29 orcs
  6 ball pythons
  3 endoplasms
  5 giant cockroaches
  12 goblins
  9 hobgoblins
  2 jackals (D:4)
  5 quokkas
  13 bats
  3 frilled lizards
  12 kobolds
  2 rats
232 creatures vanquished.

Vanquished Creatures (others)
  19 plants (D:9)
19 creatures vanquished.

Grand Total: 251 creatures vanquished

Notes
Turn   | Place    | Note
-------+----------+-------------------------------------------
     0 | D:1      | mistaj the Vine Stalker Fighter began the quest for the
                  | Orb.
     0 | D:1      | Reached XP level 1. HP: 11/11 MP: 2/2
    97 | D:1      | Reached XP level 2. HP: 15/16 MP: 3/3
   325 | D:1      | Reached skill level 3 in Fighting
   685 | D:2      | Reached XP level 3. HP: 20/20 MP: 4/4
  1705 | D:3      | Noticed Robin
  1713 | D:3      | Gained mutation: Your natural rate of healing is unusually
                  | fast. [Vine Stalker growth]
  1713 | D:3      | Reached XP level 4. HP: 21/24 MP: 5/5
  1720 | D:3      | Killed Robin
  2154 | D:4      | Found Culodwu's Armour Boutique.
  2163 | D:4      | Reached XP level 5. HP: 27/28 MP: 6/6
  2215 | D:4      | Found an opulent altar of Gozag.
  2251 | D:4      | Became a worshipper of Gozag Ym Sagoz the Greedy
  2298 | D:4      | Found a hazy altar of Hepliaklqana.
  2338 | D:4      | Reached skill level 4 in Fighting
  2338 | D:4      | Reached XP level 6. HP: 15/33 MP: 4/7
  2503 | D:4      | Found a runed translucent gate.
  2504 | D:4      | Found a runed translucent gate.
  2505 | D:4      | Found a runed translucent gate.
  2508 | D:4      | Noticed miket3c's ghost (amateur SpHu)
  2549 | D:4      | Found a staircase to the Ecumenical Temple.
  2561 | Temple   | Entered the Ecumenical Temple
  2869 | D:5      | Entered Level 5 of the Dungeon
  2871 | D:5      | Noticed a water moccasin
  2892 | D:5      | Killed a water moccasin
  2893 | D:5      | Reached XP level 7. HP: 10/38 MP: 6/8
  3156 | D:5      | Reached skill level 5 in Fighting
  3156 | D:5      | Reached skill level 5 in Shields
  3326 | D:5      | Gained mutation: You have razor-sharp teeth. [Vine Stalker
                  | growth]
  3326 | D:5      | Reached XP level 8. HP: 41/43 MP: 7/9
  3501 | D:5      | Reached skill level 5 in Axes
  4208 | D:6      | Reached skill level 6 in Fighting
  4248 | D:6      | Noticed Sigmund
  4255 | D:6      | Killed Sigmund
  4510 | D:6      | Reached XP level 9. HP: 48/49 MP: 10/10
  4570 | D:6      | Found a shimmering blue altar of Sif Muna.
  4589 | D:6      | Found an ancient bone altar of Kikubaaqudgha.
  4594 | D:6      | Found a radiant altar of Vehumet.
  4612 | D:6      | Got Vehumet's Vellum of the Volley
  4994 | D:6      | Noticed Duvessa
  4994 | D:6      | Noticed Dowan
  5006 | D:6      | Killed Duvessa
  5008 | D:6      | Killed Dowan
  5234 | D:6      | Reached skill level 7 in Fighting
  5961 | D:7      | Reached XP level 10. HP: 44/56 MP: 9/11
  6210 | D:8      | Found a runed translucent gate.
  6211 | D:8      | Found a runed translucent gate.
  6212 | D:8      | Found a runed translucent gate.
  6213 | D:8      | Found an opulent altar of Gozag.
  6215 | D:8      | Noticed Juicyj's ghost (novice DrCj)
  6313 | D:8      | Reached skill level 8 in Fighting
  6954 | D:8      | Found a runed translucent door.
  6978 | D:8      | Found a burning altar of Makhleb.
  7002 | D:8      | Found a white marble altar of Elyvilon.
  7014 | D:8      | Found a shimmering blue altar of Sif Muna.
  7028 | D:8      | Found a basalt altar of Yredelemnul.
  7084 | D:8      | Reached skill level 9 in Fighting
  7120 | D:8      | Found a sparkling altar of Nemelex Xobeh.
  7157 | D:8      | Found a stormy altar of Qazlal.
  7308 | D:8      | Noticed a flayed ghost
  7321 | D:8      | Killed a flayed ghost
  7322 | D:8      | Reached XP level 11. HP: 52/62 MP: 9/12
  7327 | D:8      | Identified the ring "Veonosa" {rPois MP+9 Str+6 Int+3}
  7329 | D:8      | Identified the ring of the Kraken {rC++ Str+3 SInv}
  7550 | D:4      | Killed miket3c's ghost
  7667 | D:4      | Bought a +2 chain mail of cold resistance for 236 gold
                  | pieces
  7889 | D:9      | Found a staircase to the Lair.
  7932 | D:9      | Identified the +1 ring mail "Mem Feo" {Regen+}
  8085 | D:9      | Reached skill level 10 in Fighting
  8113 | D:9      | Noticed a manticore
  8137 | D:9      | HP: 3/63 [manticore (4)]
  8137 | D:9      | Mangled by a manticore

Illustrated notes

Levels and vault maps discovered:
D:1:      amcnicky_arrival_abandoned_market, layout_loops_ring,
          dreamdust_wishing_well
D:2:      layout_basic
D:3:      layout_basic, uniq_robin
D:4:      layout_basic, nzn_hepliaklqana_mist_gate,
          nicolae_gozag_cash_rules_everything_around_me, temple_green,
          serial_shops, nicolae_square_shop, gammafunk_ghost_necromancy
D:5:      layout_basic
D:6:      layout_loops_corners, palyth_temple_overflow_mages, uniq_sigmund,
          uniq_duvessa
D:7:      layout_gridville, grunt_ogre_cave
D:8:      due_megacathedral, layout_loops_ring, ebering_ghost_gozag
D:9:      layout_basic, david_lair_shrubbed
Temple:   nicolae_temple_bog_church

Skill      XL: |  1  2  3  4  5  6  7  8  9 10 11 |
---------------+----------------------------------+-----
Axes           | 2 3 4 6 7 9 |  9.9
Fighting       | 3 4 5 6 7 9 10 | 10.1
Shields        | 3 4 5 6 7 8 |  8.4
Armour         | |  2.5

Action                     |  1- 3 |  4- 6 |  7- 9 | 10-12 || total
---------------------------+-------+-------+-------+-------++-------
  Melee: War axe           |    93 |   126 |   262 |    71 ||   552
         Bite              |    21 |    29 |    83 |    72 ||   205
         Battleaxe         |       |       |       |   155 ||   155
    Use: Scroll            |       |       |    15 |     7 ||    22
   Stab: Distracted        |       |     1 |     2 |     1 ||     4
 Armour: Scale mail        |    35 |    83 |   116 |       ||   234
         Chain mail        |       |       |       |   113 ||   113
         Ring mail         |       |       |       |    30 ||    30
  Dodge: Dodged            |    38 |    76 |   105 |   109 ||   328
  Block: Buckler           |    18 |    44 |    66 |    20 ||   148

Table legend: (Time is in decaauts)
 A = Elapsed time spent in this place.
 B = Non-inter-level travel time spent in this place.
 C = Inter-level travel time spent in this place.
 D = Time resting spent in this place.
 E = Time spent auto-exploring this place.
 F = Levels seen in this place.
 G = Mean time per level.
                   A        B        C        D        E       F      G
               +--------+--------+--------+--------+--------+-----+--------+
         Total |   8378 |   7923 |    455 |    921 |   4893 |  10 |  837.8 |
       Dungeon |   8376 |   7921 |    455 |    921 |   4893 |   9 |  930.7 |
        Temple |      1 |      1 |      0 |      0 |      0 |   1 |    1.0 |
               +--------+--------+--------+--------+--------+-----+--------+

Top non-repeatable levels by time:
     D:8: 1458 daAuts
     D:5: 1356 daAuts
     D:6: 1290 daAuts
     D:2: 1001 daAuts
     D:4: 874 daAuts
     D:7: 860 daAuts
     D:1: 697 daAuts
     D:3: 487 daAuts
     D:9: 350 daAuts
  Temple: 1 daAuts
